Map: New Gettysburg LE

Players

Snute

  • Race: Zerg Zerg

Stats - Winner!

  • Race: Protoss Protoss

Event: 2016 WCS Global Finals

VOD

Have the link to the VOD?

Description

Time

  • Played on: Oct. 27, 2016, 12:32 p.m.
  • Length: 15:10

All games in this series

Show
View Real Time Build Order
Export as new Build Order

Snute Zerg 

Build Orders: Hatch First 

Get SALT Encoding   

  12  0:00  Drone  
  13  0:13  Overlord  
  13  0:17  Drone  
  14  0:31  Drone x2  
  14  0:35  Drone  
  17  0:45  Drone  
  18  0:57  Hatchery  
  18  0:58  Drone  
  18  1:01  Extractor  
  17  1:13  Spawning Pool  
  17  1:16  Drone  
  17  1:20  Drone  
  18  1:29  Drone  
  19  1:39  Overlord  
  19  1:50  Drone  
  20  2:00  Queen  
  20  2:01  Zergling x2  
  23  2:02  Metabolic Boost  
  23  2:09  Queen  
  23  2:10  Drone  
  23  2:12  Drone  
  27  2:21  Drone  
  27  2:22  Drone  
  29  2:31  Drone  
  29  2:33  Drone  
  31  2:42  Hatchery  
  31  2:44  Zergling x2  
  31  2:46  Overlord  
  31  2:53  Drone  
  31  2:54  Drone  
  33  3:01  Queen  
  35  3:07  Drone  
  35  3:08  Drone x4  
  40  3:13  Overlord  
  40  3:19  Zergling x8  
  44  3:26  Roach Warren  
  43  3:27  Drone  
  43  3:33  Drone  
  45  3:37  Drone  
  45  3:40  Drone x3  
  49  3:48  Overlord  
  49  3:51  Spore Crawler  
  49  3:53  Spore Crawler  
  49  3:54  Queen  
  49  3:56  Drone x2  
  49  3:58  Drone  
  52  4:07  Drone, Spore Crawler  
  52  4:08  Drone x2  
  52  4:10  Drone x2  
  52  4:12  Drone  
  52  4:14  Drone  
  52  4:15  Drone  
  57  4:19  Drone, Evolution Chamber  
  57  4:25  Drone x3  
  57  4:27  Drone  
  57  4:29  Drone  
  60  4:36  Drone  
  60  4:38  Overlord  
  61  4:40  Drone  
  61  4:42  Drone x2  
  61  4:45  Overlord  
  63  4:48  Overlord  
  63  4:50  Hatchery  
  60  4:57  Zerg Melee Weapons Level 1  
  60  4:58  Lair  
  60  4:59  Drone  
  61  5:00  Overlord  
  61  5:02  Drone  
  61  5:03  Drone  
  61  5:04  Drone  
  64  5:07  Zergling x4  
  64  5:09  Drone  
  64  5:10  Drone  
  64  5:12  Drone x2, Extractor  
  69  5:14  Drone  
  69  5:19  Drone x2  
  69  5:20  Drone, Baneling Nest  
  69  5:21  Drone  
  73  5:22  Drone  
  73  5:24  Drone  
  73  5:26  Drone  
  73  5:27  Drone x2  
  78  5:29  Extractor  
  78  5:31  Drone x2, Extractor  
  78  5:33  Drone x2  
  80  5:37  Drone x2  
  80  5:41  Drone  
  83  5:47  Overlord  
  83  5:48  Drone x3, Queen  
  88  5:53  Hatchery  
  89  5:57  Overlord x2  
  89  5:59  Zergling x2  
  89  6:00  Overlord  
  90  6:04  Roach x4  
  90  6:07  Roach x2  
  90  6:09  Zergling x2  
  90  6:11  Centrifical Hooks  
  101  6:12  Zergling x2  
  101  6:13  Baneling x2  
  101  6:14  Baneling  
  101  6:15  Zergling x4  
  101  6:17  Zergling x2  
  101  6:18  Zergling x4  
  107  6:21  Roach  
  107  6:22  Roach  
  107  6:25  Roach x2  
  115  6:27  Roach  
  115  6:28  Roach  
  115  6:30  Baneling  
  119  6:33  Roach  
  119  6:38  Zergling x2  
  119  6:39  Zergling x12  
  121  6:42  Roach x3  
  121  6:46  Roach x3  
  122  6:53  Roach x2  
  115  6:55  Roach  
  115  6:57  Roach  
  108  7:05  Zergling x6  
  108  7:06  Zergling x4  
  102  7:10  Zergling x6  
  102  7:12  Zergling x2  
  102  7:14  Zergling x2  
  106  7:18  Roach  
  106  7:22  Roach  
  107  7:23  Zergling x6  
  107  7:28  Zergling x2  
  107  7:29  Zergling x6  
  110  7:30  Zergling x2  
  110  7:35  Zergling x2  
  101  7:45  Zergling x8  
  101  7:48  Drone  
  101  7:51  Drone  
  104  7:55  Drone x2  
  104  7:58  Drone x3  
  108  7:59  Queen  
  110  8:06  Drone  
  110  8:07  Drone  
  110  8:08  Drone x2  
  110  8:09  Drone x2  
  116  8:17  Zerg Melee Weapons Level 2  
  116  8:18  Drone x3  
  119  8:20  Queen  
  119  8:23  Drone x2  
  119  8:25  Drone x2  
  125  8:27  Drone  
  125  8:31  Queen  
  125  8:32  Drone x2  
  131  8:34  Drone  
  131  8:39  Roach  
  132  8:43  Queen  
  132  8:45  Overlord  
  132  8:46  Overlord x3  
  133  8:52  Extractor  
  133  8:54  Overlord  
  132  9:07  Drone x4, Spire  
  132  9:08  Zergling x12  
  140  9:12  Ravager x2  
  140  9:13  Ravager x3  
  140  9:14  Zergling x2  
  140  9:15  Zergling x4  
  148  9:20  Zergling x10  
  153  9:24  Ravager  
  153  9:27  Ravager  
  153  9:28  Overlord  
  154  9:38  Zergling x24  
  161  9:46  Ravager x2  
  161  9:47  Ravager  
  161  9:49  Hatchery  
  151  9:57  Zergling x26  
  149  10:04  Zergling x2  
  149  10:05  Zergling x6  
  133  10:10  Ravager  
  133  10:11  Zergling x2  
  133  10:12  Zergling x6, Queen x2  
  135  10:17  Zergling x6  
  135  10:19  Roach x2  
  142  10:25  Roach  
  139  10:31  Roach x3  
  138  10:48  Zergling x14  
  145  10:55  Ravager x3  
  145  10:56  Ravager x2  
  150  11:01  Queen  
  150  11:03  Zergling x14  
  159  11:08  Ravager, Hatchery  
  157  11:12  Zergling x2  
  157  11:13  Zergling x8  
  162  11:18  Spore Crawler  
  162  11:19  Baneling x10  
  162  11:20  Baneling x2  
  162  11:21  Zergling x14  
  162  11:24  Zergling x12  
  174  11:28  Zergling x2  
  175  11:35  Zergling x2  
  175  11:36  Zergling x6  
  179  11:41  Zergling x2  
  179  11:42  Zergling x2  
  181  11:49  Overlord x4  
  181  11:57  Overlord x2  
  181  12:09  Mutalisk  
  181  12:10  Mutalisk x5  
  192  12:17  Zergling x10  
  192  12:18  Zergling x10  
  196  12:27  Zergling x12  
  200  12:38  Baneling x17  
  200  12:39  Baneling x2  
  198  12:53  Zergling x2  
  197  13:01  Extractor  
  196  13:09  Baneling x16  
  183  13:30  Zergling x22  
  183  13:31  Zergling x16  
  191  13:37  Zergling x10  
  191  13:38  Zergling x14  
  196  13:43  Zergling x2  
  196  13:44  Zergling x18  
  196  13:45  Zergling x2  
  199  13:55  Baneling x14  
  197  13:56  Baneling x3  
  197  13:57  Zergling x6  
  199  14:09  Zergling x2  
  176  14:10  Zergling x32  
  176  14:15  Baneling  
  176  14:16  Baneling x16  
  188  14:20  Zergling x14  
  195  14:25  Baneling x7  
  180  14:35  Zergling x2  
  180  14:36  Zergling x20  
  152  14:41  Zergling x2  
  152  14:42  Zergling x8  
  111  14:46  Zergling x2  
  111  14:47  Zergling x8  
Show
View Real Time Build Order
Export as new Build Order

Stats Protoss - Winner!

Build Orders: 1 Gate Expand, Oracle Opening 

Get SALT Encoding   

  12  0:00  Probe (Chrono Boost)  
  13  0:11  Probe (Chrono Boost)  
  14  0:18  Pylon  
  14  0:22  Probe (Chrono Boost)  
  15  0:36  Probe (Chrono Boost)  
  15  0:42  Gateway  
  16  0:46  Probe (Chrono Boost)  
  16  0:48  Assimilator  
  17  0:57  Probe (Chrono Boost)  
  18  1:08  Probe (Chrono Boost)  
  20  1:18  Probe (Chrono Boost)  
  20  1:27  Nexus  
  20  1:36  Cybernetics Core  
  20  1:39  Probe (Chrono Boost)  
  21  1:44  Assimilator  
  21  1:49  Probe (Chrono Boost)  
  22  1:54  Pylon  
  22  2:00  Probe (Chrono Boost)  
  23  2:09  Adept  
  23  2:12  Warp Gate  
  23  2:14  Probe (Chrono Boost)  
  26  2:26  Probe (Chrono Boost)  
  27  2:30  Stargate  
  27  2:33  Adept  
  30  2:38  Probe (Chrono Boost)  
  30  2:39  Probe (Chrono Boost)  
  31  2:50  Probe x2 (Chrono Boost)  
  33  3:00  Probe (Chrono Boost)  
  33  3:01  Probe (Chrono Boost)  
  33  3:03  Pylon  
  35  3:08  Oracle  
  35  3:11  Probe (Chrono Boost)  
  37  3:12  Probe (Chrono Boost)  
  37  3:18  Gateway  
  40  3:21  Probe (Chrono Boost)  
  40  3:25  Probe (Chrono Boost)  
  40  3:26  Gateway  
  42  3:29  Adept  
  42  3:33  Probe (Chrono Boost)  
  45  3:37  Probe (Chrono Boost)  
  45  3:38  Assimilator  
  45  3:40  Void Ray  
  46  3:48  Probe (Chrono Boost)  
  51  3:51  Probe (Chrono Boost)  
  51  3:55  Pylon  
  52  3:58  Probe (Chrono Boost)  
  54  4:03  Probe (Chrono Boost)  
  54  4:14  Mothership Core (Chrono Boost)  
  56  4:20  Twilight Council  
  56  4:30  Robotics Facility  
  55  4:32  Probe (Chrono Boost)  
  55  4:33  Probe (Chrono Boost)  
  55  4:37  Pylon  
  57  4:44  Resonating Glaives  
  57  4:51  Probe (Chrono Boost)  
  57  4:52  Pylon, Probe (Chrono Boost)  
  58  4:58  Nexus  
  58  5:00  Pylon  
  58  5:06  Gateway  
  58  5:09  Gateway  
  58  5:11  Gateway  
  58  5:12  Warp Prism  
  58  5:13  Gateway  
  60  5:24  Adept x2  
  60  5:26  Adept  
  66  5:34  Probe x2 (Chrono Boost)  
  68  5:45  Adept x2  
  68  5:46  Adept, Probe x2 (Chrono Boost)  
  76  5:50  Pylon  
  76  5:53  Pylon  
  77  5:58  Probe (Chrono Boost)  
  77  5:59  Probe (Chrono Boost)  
  78  6:09  Adept x4  
  78  6:10  Adept  
  88  6:16  Observer  
  88  6:18  Probe (Chrono Boost)  
  91  6:19  Probe x2 (Chrono Boost)  
  92  6:28  Adept x2  
  96  6:33  Adept x4  
  96  6:38  Adept  
  97  6:53  Adept x5  
  97  6:54  Adept  
  105  6:56  Immortal  
  105  6:58  Probe (Chrono Boost)  
  105  6:59  Probe x2 (Chrono Boost)  
  109  7:08  Probe (Chrono Boost)  
  109  7:11  Probe x2 (Chrono Boost)  
  109  7:12  Adept  
  111  7:19  Probe (Chrono Boost)  
  112  7:23  Probe x2 (Chrono Boost)  
  112  7:26  Forge  
  112  7:27  Pylon  
  106  7:30  Pylon  
  106  7:31  Immortal  
  98  7:41  Assimilator  
  98  7:42  Assimilator  
  96  7:49  Protoss Ground Weapons Level 1  
  94  7:52  Blink  
  94  7:54  Sentry x3  
  94  7:57  Assimilator, Stalker x4  
  106  8:10  Pylon  
  106  8:12  Pylon  
  106  8:20  Stalker x4  
  106  8:21  Stalker  
  106  8:23  Warp Prism  
  116  8:29  Adept x2  
  122  8:35  Gateway  
  122  8:36  Gateway  
  122  8:39  Gateway, Pylon  
  122  8:41  Photon Cannon  
  122  8:42  Pylon  
  122  8:45  Sentry  
  122  8:46  Stalker x2  
  128  8:57  Adept x4  
  136  9:10  Pylon  
  136  9:15  Pylon  
  136  9:22  Stalker  
  136  9:23  Stalker x6  
  150  9:45  Stalker x3  
  156  9:52  Stalker x3  
  152  9:53  Stalker x4  
  141  10:11  Stalker x3  
  141  10:15  Adept  
  141  10:16  Adept x4  
  141  10:21  Protoss Ground Weapons Level 2  
  151  10:28  Nexus  
  151  10:30  Pylon  
  141  10:40  Templar Archives  
  139  10:45  Immortal  
  139  10:46  Charge  
  143  11:04  Pylon  
  143  11:06  Photon Cannon  
  143  11:07  Psionic Storm  
  143  11:08  Photon Cannon  
  143  11:18  High Templar, Assimilator, Probe x3 (Chrono Boost)  
  148  11:20  Assimilator  
  148  11:27  Zealot x4  
  156  11:37  High Templar x2  
  156  11:38  Zealot x2  
  164  11:44  Observer  
  165  11:57  Probe (Chrono Boost)  
  165  11:58  High Templar, Probe x2 (Chrono Boost)  
  165  11:59  Probe (Chrono Boost)  
  171  12:04  Zealot x7  
  185  12:09  Pylon  
  185  12:11  Photon Cannon x2  
  175  12:26  High Templar x3  
  175  12:27  High Templar, Zealot x3  
  175  12:28  Zealot  
  187  12:32  Photon Cannon, Archon  
  187  12:33  Archon  
  187  12:35  Photon Cannon  
  187  12:38  High Templar x2  
  187  12:43  Archon  
  191  12:50  Photon Cannon  
  191  12:56  High Templar  
  191  12:57  High Templar  
  185  12:58  Stalker x2  
  185  12:59  Stalker x2  
  185  13:01  Photon Cannon  
  185  13:03  Photon Cannon  
  185  13:04  Archon  
  193  13:17  High Templar x2  
  193  13:18  Stalker  
  199  13:23  Archon  
  198  13:33  Probe (Chrono Boost)  
  186  13:34  Probe x2 (Chrono Boost)  
  186  13:35  Probe (Chrono Boost)  
  186  13:39  High Templar  
  186  13:40  High Templar  
  189  13:43  Archon  
  189  13:44  High Templar x2, Probe (Chrono Boost)  
  189  13:45  Zealot  
  189  13:46  Probe x2 (Chrono Boost)  
  189  13:47  Probe (Chrono Boost)  
  199  13:51  Archon  
  199  13:54  Probe (Chrono Boost)  
  188  14:13  Stalker x6  
  196  14:38  Archon x2  
  182  14:45  High Templar x3  
  140  14:47  High Templar, Zealot x3  
  140  14:48  Zealot x3  
  150  14:56  Archon  
  128  15:08  Gateway  
  128  15:09  Gateway  
Tags
 
Add a new tag
Caveats
  • Supply blocks, unpowered buildings, or Contaminate may cause inaccurate times.
  • Supply counts are checked every 10 seconds.